 Dungeon Crawl Stone Soup version 0.28.0-45-g0d030f2227 (webtiles) character file.

Game seed: 5822119021627047909

33 Kenran the Skirmisher (level 3, -6/31 HPs)
             Began as a Palentonga Fighter on Apr 24, 2022.
             Mangled by an iguana (9 damage)
             ... on level 2 of the Dungeon.
             The game lasted 00:01:50 (1087 turns).

Kenran the Skirmisher (Palentonga Fighter)          Turns: 1087, Time: 00:01:50

Health: -6/31      AC:  6    Str: 21    XL:     3   Next: 12%
Magic:  3/3        EV:  7    Int:  8    God:
Gold:   65         SH:  4    Dex:  9    Spells: 2/2 levels left

rFire   . . .      SeeInvis +     - Unarmed
rCold   . . .      Faith    .   b - +0 buckler
rNeg    + . .      Spirit   .   a - +0 scale mail
rPois   .          Reflect  .   (no helmet)
rElec   .          Harm     .   (no cloak)
rCorr   .          Rampage  .   (no gloves)
Will    .....                   (no barding)
Stlth   ..........              (no amulet)
HPRegen 0.10/turn               h - ring of positive energy
MPRegen 0.08/turn               (no ring)

@: no status effects
A: large, rugged brown scales 3, see invisible, deformed body, roll 1, armoured
tail
a: Rolling Charge


You were on level 2 of the Dungeon.
You visited 1 branch of the dungeon, and saw 2 of its levels.

You collected 65 gold pieces.

Inventory:

Armour
 a - a +0 scale mail (worn)
 b - a +0 buckler (worn)
Jewellery
 h - a ring of positive energy (left hand)
Scrolls
 f - a scroll of torment {unknown}
 g - a scroll of identify {unknown}
Potions
 c - 2 potions of might
 d - a potion of curing
 e - 2 potions of invisibility {unknown}


   Skills:
 + Level 3.2 Fighting
 + Level 2.6 Armour
 + Level 2.6 Shields
 * Level 2.7 Unarmed Combat


You had 2 spell levels left.
You didn't know any spells.
Your spell library was empty.

Dungeon Overview and Level Annotations

Branches:
Dungeon (2/15)

Altars:


Innate Abilities, Weirdness & Mutations

You are completely covered in rugged brown scales. (AC +3, +7% HP)
You have supernaturally acute eyesight. (SInv)
Armour fits poorly on your strangely shaped body.
You can roll at nearby foes to attack.
You have a long armoured tail.


Message History

The adder bites you but does no damage.
You closely miss the adder.
The adder is almost dead.
The adder barely misses you.
You hit the adder.
You kill the adder!
You have reached level 3!
Your experience leads to an increase in your attributes!
Increase (S)trength, (I)ntelligence, or (D)exterity?
You feel stronger. x2
You hit the iguana but do no damage. The iguana bites you!
You are too injured to fight recklessly!
You are too injured to fight recklessly!
You are too injured to fight recklessly!
You hit the iguana.
The iguana is lightly wounded.
The iguana bites you!
* * * LOW HITPOINT WARNING * * *
You hit the iguana.
The iguana is heavily wounded.
The iguana barely misses you.
You barely miss the iguana.
Your tail-slap misses the iguana.
The iguana is heavily wounded.
The iguana barely misses you.
It was a potion of curing.
You feel better. The iguana barely misses you.
You barely miss the iguana.
The iguana is heavily wounded.
The iguana barely misses you.
You completely miss the iguana.
The iguana is heavily wounded.
The iguana barely misses you.
You closely miss the iguana.
You tail-slap the iguana, but do no damage.
The iguana is heavily wounded.
The iguana bites you!
* * * LOW HITPOINT WARNING * * *
You hit the iguana but do no damage.
The iguana is heavily wounded.
The iguana bites you!
You die...

#........ #.......
#...... .. ##..?.. ..
#.....## .# #..# .#
##.###.#####
#.l.#...... ###@.# #.#
##.# #.# #.# #.# .##
##.# #.# ..# ###..#
#.# ..# #...## #.# #.#
##.########.# #.##
#........##.###..#
#.....#.####....#....#


You could see an iguana.

Vanquished Creatures
  An adder (D:2)
  A dart slug (D:2)
  3 ball pythons (D:1)
  A bat (D:2)
  2 goblins (D:1)
  3 hobgoblins
  2 jackals (D:1)
  2 quokkas
  2 kobolds
  4 rats (D:1)
21 creatures vanquished.

Notes
Turn   | Place    | Note
-------+----------+-------------------------------------------
     0 | D:1      | Kenran the Palentonga Fighter began the quest for the Orb.
     0 | D:1      | Reached XP level 1. HP: 19/19 MP: 1/1
   187 | D:1      | Reached XP level 2. HP: 16/25 MP: 2/2
   805 | D:1      | Found a faded altar of an unknown god.
  1079 | D:2      | Reached XP level 3. HP: 21/31 MP: 3/3
  1087 | D:2      | Mangled by an iguana

Illustrated notes

Levels and vault maps discovered:
D:1:      giann_forest_graveyard, layout_basic,
          shapermc_ecumenical_altar_pompeii,
          nicolae_concentric_dashed_squares_wild, minmay_hexomino_u4
D:2:      cheibrodos_greedy_goblins, layout_basic, minivault_26,
          kennysheep_flooded_box

Action                   || total
-------------------------++-------
Melee: Unarmed           ||    93
       Tailslap          ||    10
  Use: Potion            ||     1
Armor: Scale mail        ||    42
Dodge: Dodged            ||    30
Block: Buckler           ||    17
